 Dungeon Crawl Stone Soup version 0.28-a0-631-g0446da8ef9 (webtiles) character file.

Game seed: 6257549893333975178

492 timneilson the Shield-Bearer (level 6, -5/56 HPs)
             Began as a Deep Dwarf Fighter on Oct 9, 2021.
             Slain by an orc warrior (12 damage)
             ... on level 4 of the Dungeon.
             The game lasted 00:05:42 (2772 turns).

timneilson the Shield-Bearer (Deep Dwarf Fighter)   Turns: 2772, Time: 00:05:43

Health: -5/56      AC:  8    Str: 20 (22) XL:     6   Next: 91%
Magic:  5/5        EV: 10    Int:  7 (8)  God:
Gold:   68         SH:  6    Dex: 11 (12) Spells: 5/5 levels left

rFire   . . .      SeeInvis .   a - +0 long sword
rCold   . . .      Faith    .   c - +1 buckler
rNeg    . . .      Spirit   .   b - +0 scale mail
rPois   +          Reflect  .   (no helmet)
rElec   .          Harm     .   (no cloak)
rCorr   .          Rampage  .   n - +0 pair of gloves
Will    .....                   (no boots)
Stlth   ..........              (no amulet)
HPRegen 0.00/turn               d - ring of poison resistance
MPRegen 0.09/turn               (no ring)

@: no status effects
A: damage resistance, heal wounds, sense surroundings 1, no regeneration
a: Heal Wounds


You were on level 4 of the Dungeon.
You visited 1 branch of the dungeon, and saw 4 of its levels.

You collected 68 gold pieces.

Inventory:

Hand Weapons
 a - a +0 long sword (weapon)
Armour
 b - a +0 scale mail (worn)
 c - a +1 buckler (worn)
 n - a +0 pair of gloves (worn)
Jewellery
 d - a ring of poison resistance (left hand)
Wands
 k - a wand of polymorph (8)
Scrolls
 e - a scroll of amnesia
 j - 3 scrolls of enchant armour
Potions
 f - 2 potions of curing
 h - 2 potions of attraction
 l - 3 potions of flight
 m - a potion of brilliance


   Skills:
 + Level 3.4 Fighting
 * Level 4.0 Long Blades
 * Level 5.1 Armour
 + Level 2.5 Dodging
 * Level 5.2 Shields


You had 5 spell levels left.
You didn't know any spells.
Your spell library contained the following spells:

 Spells                   Type           Power      Damage    Failure   Level
 Dazzling Flash           Conj/Hex       0%         N/A       98%         3
 Ozocubu's Armour         Ice            0%         N/A       98%         3
 Iskenderun's Mystic Bla  Conj/Tloc      0%         2d3       100%        4
 Starburst                Conj/Fire      0%         6d3       100%        6
 Ozocubu's Refrigeration  Ice            0%         4d5       100%        7


Dungeon Overview and Level Annotations

Branches:
Dungeon (4/15)
 Temple: D:4-7

Altars:
Fedhas
Ru


Innate Abilities, Weirdness & Mutations

You are resistant to damage.
You can heal yourself by infusing magical energy.
You passively map a small area around you.
You do not regenerate.


Message History

The orc warrior hits you with a +0 dire flail.
You barely miss the orc warrior.
The orc warrior is lightly wounded.
The orc warrior completely misses you.
You hit the orc warrior but do no damage.
The orc warrior is lightly wounded.
The orc warrior hits you with a +0 dire flail!
You closely miss the orc warrior.
The orc warrior is lightly wounded.
The orc warrior hits you with a +0 dire flail!
You hit the orc warrior but do no damage.
The orc warrior is lightly wounded.
The orc warrior hits you with a +0 dire flail!
* * * LOW HITPOINT WARNING * * *
You block the orc warrior's attack.
You feel much better.
An orc comes into view. It is wielding a +0 hand axe.
The orc warrior barely misses you.
You barely miss the orc warrior.
The orc warrior is lightly wounded.
You block the orc warrior's attack.
You closely miss the orc warrior.
The orc warrior is lightly wounded.
The orc warrior barely misses you.
You barely miss the orc warrior.
The orc warrior is lightly wounded.
The orc warrior hits you with a +0 dire flail.
You barely miss the orc warrior.
The orc warrior is lightly wounded.
The orc warrior barely misses you.
You slash the orc warrior!
The orc warrior is moderately wounded.
The orc warrior hits you with a +0 dire flail!
* * * LOW HITPOINT WARNING * * *
The orc warrior hits you with a +0 dire flail!
* * * LOW HITPOINT WARNING * * *
You hit the orc warrior.
The orc warrior is heavily wounded.
The orc warrior hits you with a +0 dire flail!
You die...

#............................#
####............................'
....>...........................#
........##########..............#
........# #.....#.....##+#......
........# #.....#.o.............
'###....# #.....#.#.##########..
...#....# #.....#o#..# ,, #..
...#....# #....@#.##.o. , ,#..
####....######+##oo.##oo..* #.#
...................)# #.o(# **.#
.†..................#**(..# *
....................$#* .88# ,
....................##, ...#*
...................## ,, *
...................# *
...................., , ,


You could see an orc warrior and an orc.

Vanquished Creatures
  Grinder (D:3)
  2 orc priests (D:4)
  A hound (D:4)
  An orc wizard (D:4)
  3 gnolls (D:3)
  4 adders
  An adder skeleton (D:4)
  4 worms
  5 dart slugs
  8 orcs
  8 ball pythons
  4 bats
  9 endoplasms
  A giant cockroach (D:2)
  5 goblins
  7 hobgoblins
  7 jackals
  2 quokkas
  5 frilled lizards
  5 kobolds
  4 rats
87 creatures vanquished.

Vanquished Creatures (others)
  A plant (D:3)
1 creature vanquished.

Grand Total: 88 creatures vanquished

Notes
Turn   | Place    | Note
-------+----------+-------------------------------------------
     0 | D:1      | timneilson the Deep Dwarf Fighter began the quest for the
                  | Orb.
     0 | D:1      | Reached XP level 1. HP: 20/20 MP: 1/1
    84 | D:1      | Reached XP level 2. HP: 18/27 MP: 2/2
   432 | D:1      | Reached XP level 3. HP: 33/33 MP: 3/3
   745 | D:2      | Reached skill level 1 in Dodging
   995 | D:2      | Reached XP level 4. HP: 37/40 MP: 4/4
  1463 | D:3      | Found a faded altar of an unknown god.
  1463 | D:3      | Noticed Grinder
  1463 | D:3      | Paralysed by Grinder for 6 turns
  1470 | D:3      | Paralysed by Grinder for 7 turns
  1475 | D:3      | HP: 2/40 [Grinder (6)]
  1485 | D:3      | Killed Grinder
  1486 | D:3      | Reached XP level 5. HP: 20/49 MP: 5/5
  1486 | D:3      | Reached XP level 6. HP: 23/56 MP: 6/6
  1575 | D:3      | Found a blossoming altar of Fedhas.
  2114 | D:3      | Found a sacrificial altar of Ru.
  2469 | D:4      | Reached skill level 5 in Armour
  2545 | D:4      | Reached skill level 5 in Shields
  2629 | D:4      | Found the +7 pair of quick blades "Gyre" and "Gimble"
                  | {protect}
  2734 | D:4      | Noticed an orc warrior
  2772 | D:4      | Slain by an orc warrior

Illustrated notes

Levels and vault maps discovered:
D:1:      psy_arrival_radial01, layout_loops_ring
D:2:      layout_loops_cross, minmay_hexomino_u4
D:3:      layout_basic, lemuel_tele_altar, fedhas_altar_fruit_tree,
          chequers_ecumenical_altar_simple_redux, serial_bayou_lake_a,
          uniq_grinder
D:4:      layout_gridville, guppyfry_early_orc_mine, uniq_duvessa, uniq_pikel,
          uniq_sigmund

Skill      XL: |  1  2  3  4  5  6 |
---------------+-------------------+-----
Dodging        | 1 2 |  2.5
Armour         | 4 5 |  5.1
Shields        | 4 5 |  5.2
Fighting       | 3 |  3.4
Long Blades    | 3 4 |  4.0

Action                   |  1- 3 |  4- 6 || total
-------------------------+-------+-------++-------
Melee: Long sword        |   111 |   206 ||   317
 Abil: Heal Wounds       |     2 |     8 ||    10
  Use: Scroll            |     2 |     7 ||     9
       Potion            |       |     4 ||     4
Armor: Scale mail        |    43 |   112 ||   155
Dodge: Dodged            |    58 |   112 ||   170
Block: Buckler           |    25 |    67 ||    92

Table legend: (Time is in decaauts)
 A = Elapsed time spent in this place.
 B = Non-inter-level travel time spent in this place.
 C = Inter-level travel time spent in this place.
 D = Time resting spent in this place.
 E = Time spent auto-exploring this place.
 F = Levels seen in this place.
 G = Mean time per level.
                   A        B        C        D        E       F      G
               +--------+--------+--------+--------+--------+-----+--------+
         Total |   2862 |   2746 |    116 |      0 |   1984 |   4 |  715.5 |
       Dungeon |   2862 |   2746 |    116 |      0 |   1984 |   4 |  715.5 |
               +--------+--------+--------+--------+--------+-----+--------+

Top non-repeatable levels by time:
     D:3: 1054 daAuts
     D:2: 745 daAuts
     D:1: 733 daAuts
     D:4: 329 daAuts
